 Dungeon Crawl Stone Soup version 0.19-a0-1908-g43c011f (webtiles) character file.

144 Deemzul the Slasher (level 5, 0/54 HPs)
             Began as an Octopode Berserker on Oct 21, 2016.
             Was a Believer of Trog.
             Slain by an orc
             ... wielding a +0 hand axe
              (5 damage)
             ... on level 3 of the Dungeon.
             The game lasted 00:02:54 (2227 turns).

Deemzul the Slasher (Octopode Berserker)            Turns: 2227, Time: 00:02:54

Health: 0/54       AC:  1    Str: 21    XL:     5   Next: 26%
Magic:  5/5        EV: 14    Int: 10    God:    Trog [**....]
Gold:   155        SH:  0    Dex: 12    Spells: 0 memorised, 4 levels left

rFire  . . .     SeeInvis .     a - +0 falchion
rCold  . . .     Gourm    .     (no shield)
rNeg   . . .     Faith    .     (helmet restricted)
rPois  +         Spirit   .     (no amulet)
rElec  .         Reflect  .     d - ring of poison resistance
rCorr  .         Harm     .     (no ring)
MR     .....                    (no ring)
Stlth  ..........               (no ring)
                                (no ring)
                                (no ring)
                                (no ring)
                                (no ring)

@: berserking, very quick
A: almost no armour, stealthy swim, amphibious, 8 rings, constrict 8, camouflage
1, gelatinous body 1
a: Berserk, Trog's Hand, Burn Spellbooks, Renounce Religion


You were on level 3 of the Dungeon.
You worshipped Trog.
Trog was pleased with you.
You were not hungry.

You visited 1 branch of the dungeon, and saw 3 of its levels.

You collected 155 gold pieces.

Inventory:

Hand Weapons
 a - a +0 falchion (weapon)
Jewellery
 d - a ring of poison resistance (left tentacle)
Wands
 p - a wand of lightning (0/15)
Scrolls
 e - a scroll of random uselessness {unknown}
 g - 2 scrolls of identify
 l - a scroll of remove curse
Potions
 i - a potion of curing {unknown}
 j - a potion of cancellation
Comestibles
 b - 6 bread rations
 f - 2 beef jerkies
 m - a meat ration
 n - a slice of pizza
 o - 2 chunks of flesh


   Skills:
 + Level 3.6 Fighting
 * Level 4.4 Long Blades
 + Level 3.6 Dodging
 + Level 2.6 Stealth


You had 4 spell levels left.
You didn't know any spells.

Dungeon Overview and Level Annotations

Branches:
Dungeon (3/15)

Altars:
Kikubaaqudgha
Nemelex Xobeh


Innate Abilities, Weirdness & Mutations

You cannot wear most types of armour.
You are very stealthy in the water. (Stealth+)
You are amphibious.
You can wear up to eight rings at the same time.
You can use your tentacles to constrict eight enemies at once.
Your skin changes colour to match your surroundings (Stealth+).
Your rubbery body absorbs attacks. (AC +1, EV +1)


Message History

The bolt of lightning hits the orc.
You kill the orc!
Trog accepts your kill.
Evoking this partially-identified wand wasted a few charges.
The orc wizard casts a spell.
The orc wizard seems to speed up.
Unknown command.
That item cannot be evoked!
It was a potion of berserk rage.
A red film seems to cover your vision as you go berserk!
You feel yourself moving faster!
You feel mighty!
You are too injured to fight recklessly!
You are too injured to fight recklessly!
You feel a strong urge to attack something.
The orc hits you with a hand axe!
* * * LOW HITPOINT WARNING * * *
You barely miss the orc. You grab the orc.
The orc is lightly wounded.
You constrict the orc. The orc hits you with a hand axe.
You die...

### ..# #.# #.# #'###
....#
....####################
....'...........@oo..)..
....##.#################
....##.#...#
....##.#.#.#
.....#.#.#.#
.....#....=#
#..........#
####.##....#
#.#.....#####


You could see an orc wizard and an orc.

Vanquished Creatures
  An orc priest (D:3)
  3 gnolls (D:2)
  2 adders
  An ooze (D:2)
  A worm (D:2)
  A dart slug (D:2)
  3 leopard geckos
  An orc (D:3)
  A ball python (D:2)
  5 bats
  7 goblins
  6 hobgoblins
  4 jackals (D:2)
  3 frilled lizards
  10 kobolds
  9 rats
58 creatures vanquished.

Notes
Turn   | Place    | Note
-------+----------+-------------------------------------------
     0 | D:1      | Deemzul the Octopode Berserker began the quest for the Orb.
     0 | D:1      | Reached XP level 1. HP: 16/16 MP: 1/1
    83 | D:1      | Reached XP level 2. HP: 14/21 MP: 2/2
   606 | D:2      | Reached XP level 3. HP: 21/26 MP: 3/3
   633 | D:2      | Found an ancient bone altar of Kikubaaqudgha.
   687 | D:2      | Reached skill level 1 in Stealth
   970 | D:2      | Reached ** piety under Trog
  1266 | D:2      | Reached XP level 4. HP: 27/31 MP: 4/4
  1302 | D:2      | Reached skill level 4 in Long Blades
  2168 | D:3      | Found a sparkling altar of Nemelex Xobeh.
  2224 | D:3      | Reached XP level 5. HP: 8/36 MP: 5/5
  2227 | D:3      | Slain by an orc

Vault maps used:
D:1:      ncdulo_halloftheorcs
D:2:      kiku_gazebo_pond_becter
D:3:      nemelex_xobeh_ov_fountains_minmay

Skill      XL: |  1  2  3  4 |
---------------+-------------+-----
Stealth        | 1 2 |  2.6
Long Blades    | 4 |  4.4
Fighting       | |  3.6
Dodging        | |  3.6

Action                   |  1- 3 |  4- 6 || total
-------------------------+-------+-------++-------
Melee: Falchion          |    73 |    40 ||   113
       Constrict         |    20 |    14 ||    34
       Tentacles         |    13 |     7 ||    20
Evoke: Wand              |       |     2 ||     2
  Use: Scroll            |     5 |     2 ||     7
       Potion            |       |     1 ||     1
 Stab: Sleeping          |    10 |     3 ||    13
       Distracted        |       |     1 ||     1
  Eat: Chunk             |       |     4 ||     4
Armor: Skin              |     2 |     2 ||     4
Dodge: Dodged            |    38 |    32 ||    70
       Rpst.: Falchion   |     8 |     7 ||    15
